Map: Ruins of Endion

Players

Miszu

  • Race: Terran Terran
  • League: Master

IlIlIlIlIl - Winner!

  • Race: Zerg Zerg
  • League: Master

VOD

Have the link to the VOD?

Description

Time

  • Played on: April 6, 2016, 1:18 p.m.
  • Length: 19:20
Show
View Real Time Build Order
Export as new Build Order

Miszu Terran 

Build Orders: Reaper Expand, Hellion Banshee 

Get SALT Encoding   

  12  0:01  SCV  
  13  0:14  SCV  
  14  0:18  Supply Depot  
  14  0:26  SCV  
  15  0:39  SCV  
  15  0:41  Barracks  
  16  0:44  Refinery  
  16  0:51  SCV  
  17  1:03  SCV  
  18  1:15  SCV  
  19  1:27  Orbital Command  
  19  1:29  Reaper  
  20  1:41  Command Center  
  20  1:51  Supply Depot  
  20  1:53  SCV  
  21  2:00  Marine  
  22  2:05  SCV  
  23  2:09  Factory  
  23  2:14  Refinery  
  23  2:17  SCV  
  23  2:18  Marine  
  25  2:29  SCV  
  26  2:37  Barracks Reactor  
  26  2:41  SCV  
  27  2:54  SCV  
  28  3:03  Starport  
  28  3:04  Orbital Command  
  28  3:06  SCV  
  29  3:17  Hellion x2  
  29  3:18  SCV  
  34  3:24  Barracks Tech Lab  
  34  3:30  SCV x2  
  34  3:32  Supply Depot  
  36  3:38  Hellion  
  36  3:39  Hellion  
  40  3:42  SCV x2  
  42  3:52  Banshee  
  42  3:54  SCV x2  
  41  4:00  Hellion x2  
  41  4:01  Cloaking Field  
  41  4:02  Orbital Command  
  38  4:09  SCV  
  36  4:21  Hellion x2  
  40  4:28  SCV  
  41  4:36  Armory  
  41  4:38  Banshee  
  41  4:40  SCV  
  41  4:41  SCV  
  46  4:53  Supply Depot  
  46  4:57  Supply Depot  
  46  5:14  SCV x2  
  46  5:15  Hellion x2  
  52  5:21  Banshee  
  52  5:27  SCV x2  
  57  5:39  SCV x2  
  56  5:51  SCV  
  56  5:52  SCV  
  54  5:59  Command Center  
  54  6:00  Starport, Refinery  
  54  6:01  Starport, Refinery  
  54  6:03  SCV  
  45  6:04  SCV  
  43  6:15  SCV  
  43  6:16  SCV  
  45  6:24  Banshee  
  50  6:26  Hellion x2  
  50  6:27  SCV  
  50  6:28  SCV  
  50  6:31  Fusion Core  
  54  6:35  Terran Ship Weapons Level 1  
  54  6:39  SCV  
  55  6:40  SCV  
  55  6:45  Starport Tech Lab  
  55  6:47  Starport Tech Lab  
  56  6:51  SCV  
  56  6:52  SCV  
  58  7:02  Supply Depot  
  58  7:03  SCV, Banshee  
  58  7:07  Liberator  
  58  7:08  Liberator x2  
  62  7:10  SCV  
  63  7:15  SCV  
  65  7:22  SCV  
  65  7:28  SCV  
  75  7:32  Orbital Command  
  75  7:34  Supply Depot, SCV  
  75  7:35  Supply Depot  
  75  7:36  Hyperflight Rotors  
  76  7:40  SCV  
  77  7:47  SCV  
  77  7:50  Liberator  
  78  7:52  SCV, Liberator  
  78  7:54  Banshee  
  82  7:59  SCV  
  82  8:01  Orbital Command  
  82  8:03  Command Center  
  82  8:04  SCV  
  84  8:11  SCV  
  88  8:16  SCV  
  89  8:23  SCV  
  93  8:28  SCV  
  93  8:29  Banshee  
  93  8:31  SCV  
  93  8:32  Refinery  
  93  8:33  Refinery  
  95  8:35  SCV  
  95  8:37  Banshee  
  95  8:40  SCV  
  100  8:43  SCV  
  100  8:44  Supply Depot  
  100  8:45  Supply Depot  
  101  8:49  Liberator  
  101  8:52  Liberator  
  101  8:53  Supply Depot  
  101  8:59  Advanced Ballistics  
  101  9:06  SCV x3  
  110  9:16  Supply Depot  
  110  9:17  Command Center  
  110  9:18  SCV x3  
  113  9:29  Banshee  
  113  9:30  SCV x3  
  119  9:31  Liberator  
  119  9:32  Engineering Bay  
  119  9:34  Liberator  
  119  9:37  Refinery  
  119  9:40  Barracks, Banshee  
  119  9:42  Refinery, SCV x3  
  131  10:02  Supply Depot x2  
  131  10:03  Supply Depot x2  
  131  10:06  Orbital Command  
  131  10:14  Banshee  
  131  10:21  Starport, Terran Ship Weapons Level 2  
  134  10:23  Liberator  
  134  10:24  Starport  
  134  10:31  Viking  
  134  10:34  Viking  
  141  10:43  Starport  
  141  10:45  Starport  
  138  10:56  Liberator x2  
  138  11:02  Banshee  
  147  11:20  Sensor Tower  
  154  11:34  Starport Tech Lab  
  154  11:35  Starport Tech Lab  
  154  11:36  Battlecruiser, Armory  
  149  11:45  Planetary Fortress, Banshee  
  149  11:46  Command Center  
  152  11:56  Viking x2  
  156  12:05  Missile Turret  
  156  12:09  Battlecruiser  
  156  12:10  Battlecruiser  
  168  12:23  Starport Tech Lab x2  
  168  12:33  Supply Depot  
  168  12:34  Terran Vehicle And Ship Armor Level 1, Battlecruiser  
  168  12:35  Refinery  
  168  12:36  Viking x2, Refinery  
  169  12:40  Banshee  
  165  12:48  Missile Turret  
  165  12:49  Battlecruiser  
  171  12:59  Planetary Fortress  
  171  13:19  Battlecruiser  
  166  13:21  Battlecruiser  
  172  13:29  Viking x2  
  172  13:32  Viking  
  175  13:37  Viking  
  177  13:43  Weapon Refit  
  171  13:49  Command Center  
  171  13:54  Command Center  
  168  13:57  Missile Turret  
  168  13:58  Viking x2  
  168  13:59  Viking  
  168  14:01  Missile Turret  
  174  14:06  Viking x2  
  175  14:17  Command Center, SCV x5  
  179  14:24  Command Center, Missile Turret  
  179  14:27  Battlecruiser  
  179  14:29  SCV x3  
  179  14:30  Terran Ship Weapons Level 3  
  188  14:31  Terran Vehicle And Ship Armor Level 2  
  188  14:32  SCV  
  188  14:33  SCV  
  190  14:45  Viking x2  
  190  14:46  Viking  
  190  14:47  Banshee  
  190  14:50  Banshee  
  198  15:09  Refinery, Planetary Fortress  
  198  15:11  Refinery  
  198  15:12  Missile Turret  
  198  15:32  Refinery  
  192  15:53  Battlecruiser  
  195  15:59  SCV  
  193  16:05  Planetary Fortress  
  193  16:06  Orbital Command  
  193  16:09  Command Center  
  193  16:11  SCV  
  194  16:16  Battlecruiser x3  
  194  16:17  Battlecruiser  
  192  16:18  Refinery  
  192  16:19  Liberator  
  192  16:21  Battlecruiser  
  184  16:32  Viking  
  189  16:42  SCV  
  190  16:54  SCV  
  191  16:57  Battlecruiser  
  197  17:04  Refinery  
  197  17:20  Banshee  
  200  17:23  Liberator  
  200  17:36  Viking  
  200  17:37  Viking  
  199  17:54  Viking  
  199  17:55  Viking x2  
  189  17:58  Liberator  
  189  18:01  Viking  
  189  18:03  Viking  
  181  18:06  Viking  
  181  18:12  SCV  
  184  18:14  Orbital Command  
  184  18:15  Refinery  
  184  18:18  Liberator  
  199  18:31  Viking  
  199  18:33  Starport x2  
  200  18:50  Sensor Tower  
Show
View Real Time Build Order
Export as new Build Order

IlIlIlIlIl Zerg - Winner!

Build Orders: Hatch First 

Get SALT Encoding   

  12  0:00  Drone  
  13  0:12  Overlord  
  13  0:18  Drone  
  14  0:31  Drone x2  
  14  0:35  Drone  
  17  0:52  Hatchery  
  17  0:55  Drone  
  17  0:58  Drone  
  18  1:09  Extractor  
  17  1:12  Spawning Pool  
  17  1:15  Drone  
  17  1:18  Drone  
  18  1:31  Drone  
  19  1:38  Overlord  
  19  1:49  Drone  
  20  1:59  Queen  
  20  2:00  Zergling x2  
  23  2:03  Queen  
  23  2:04  Zergling x2  
  26  2:10  Metabolic Boost  
  26  2:12  Drone  
  27  2:17  Drone  
  27  2:22  Drone  
  29  2:26  Drone  
  30  2:32  Drone  
  30  2:36  Drone  
  32  2:46  Overlord  
  32  2:48  Overlord  
  32  3:00  Hatchery  
  31  3:10  Zergling x2  
  31  3:11  Zergling x12  
  31  3:12  Zergling x2  
  39  3:13  Zergling x4  
  39  3:18  Queen  
  43  3:23  Queen  
  45  3:34  Overlord  
  45  3:36  Drone x2  
  45  3:37  Drone  
  47  3:54  Drone  
  47  3:55  Drone x2  
  50  3:56  Drone x3  
  51  4:03  Drone  
  51  4:08  Drone x2  
  54  4:19  Drone  
  54  4:20  Drone x2  
  55  4:26  Drone  
  55  4:27  Extractor x2  
  55  4:28  Roach Warren  
  55  4:29  Drone x6  
  55  4:30  Drone  
  56  4:32  Spore Crawler  
  56  4:33  Spore Crawler  
  56  4:35  Zergling x2  
  56  4:36  Zergling x2  
  53  4:42  Zergling x2  
  53  4:43  Zergling x2  
  55  4:46  Queen  
  55  4:47  Evolution Chamber  
  55  4:48  Zergling x2  
  55  4:49  Evolution Chamber  
  54  5:14  Zerg Missile Weapons Level 1, Zerg Ground Armor Level 1  
  54  5:15  Roach x3  
  54  5:16  Overlord  
  54  5:17  Overlord  
  60  5:23  Spore Crawler  
  60  5:27  Roach  
  60  5:28  Roach x2  
  55  5:50  Drone x10  
  55  5:53  Drone  
  55  5:54  Drone x2  
  55  5:55  Drone x3  
  69  6:04  Drone x6  
  68  6:12  Lair  
  68  6:14  Extractor x2  
  68  6:17  Queen  
  66  6:23  Drone x4  
  66  6:24  Drone x2  
  70  6:28  Drone x2  
  72  6:39  Drone x4  
  77  6:40  Drone  
  76  6:59  Drone  
  76  7:00  Drone  
  77  7:01  Extractor  
  77  7:05  Drone  
  77  7:06  Drone x4  
  78  7:20  Drone x4  
  78  7:21  Overlord x3  
  82  7:38  Extractor, Zerg Missile Weapons Level 2  
  82  7:39  Glial Reconstitution, Zerg Ground Armor Level 2  
  82  7:41  Roach  
  82  7:42  Roach x3  
  82  7:44  Hydralisk Den  
  88  7:50  Overseer  
  85  8:03  Drone x3  
  85  8:04  Drone x2  
  90  8:13  Drone x3  
  90  8:15  Hydralisk x4, Muscular Augments  
  101  8:29  Roach x2  
  101  8:30  Overlord  
  101  8:31  Overlord x2  
  101  8:32  Overlord x2  
  101  8:33  Overlord  
  101  8:34  Overlord  
  105  8:35  Overlord  
  105  8:49  Drone x2  
  105  8:51  Baneling Nest, Infestation Pit  
  105  8:53  Hydralisk x2  
  105  8:54  Hydralisk, Roach x5  
  125  9:04  Hydralisk x2  
  125  9:05  Roach x4  
  125  9:06  Hatchery  
  132  9:11  Pneumatized Carapace  
  132  9:14  Overseer  
  132  9:18  Overlord  
  132  9:22  Hydralisk x4, Roach  
  132  9:23  Roach  
  144  9:27  Hive  
  144  9:33  Hydralisk x2  
  144  9:37  Hydralisk  
  144  9:38  Extractor  
  146  9:43  Extractor  
  145  9:49  Spore Crawler  
  144  9:54  Spore Crawler  
  144  9:56  Hydralisk x4  
  144  9:57  Hydralisk  
  144  9:59  Drone x3  
  155  10:00  Drone x3  
  155  10:01  Hydralisk  
  155  10:02  Hydralisk x2  
  155  10:04  Spore Crawler  
  163  10:10  Hydralisk x2  
  163  10:11  Hydralisk  
  163  10:14  Drone x3  
  169  10:15  Drone  
  171  10:30  Drone x7  
  171  10:31  Drone x4  
  182  10:40  Zerg Missile Weapons Level 3  
  182  11:00  Overlord x3  
  181  11:14  Zerg Ground Armor Level 3  
  175  11:29  Drone x3  
  175  11:30  Drone x3  
  175  11:32  Viper x3  
  177  11:33  Viper x2  
  192  11:45  Viper  
  195  11:48  Evolution Chamber  
  195  11:49  Evolution Chamber  
  182  12:11  Hydralisk  
  182  12:12  Hydralisk x9  
  200  12:20  Evolution Chamber  
  200  12:21  Spore Crawler  
  200  12:22  Spore Crawler, Evolution Chamber  
  190  12:44  Hydralisk x5  
  200  12:53  Centrifical Hooks  
  200  13:03  Hatchery  
  190  13:30  Viper  
  190  13:31  Viper x2  
  199  13:34  Extractor  
  199  13:36  Drone x2  
  197  14:17  Evolution Chamber x2  
  197  14:22  Drone x5  
  200  14:40  Evolution Chamber  
  200  14:44  Viper x4, Spore Crawler  
  200  14:45  Extractor, Spore Crawler, Spine Crawler  
  199  14:47  Extractor  
  199  14:48  Spore Crawler  
  196  14:53  Drone  
  196  14:54  Drone x3  
  196  14:57  Spine Crawler  
  196  14:59  Spore Crawler x3  
  196  15:00  Spine Crawler  
  196  15:06  Drone  
  197  15:07  Drone x2  
  197  15:10  Drone x2  
  200  15:15  Spine Crawler x2  
  200  15:17  Spine Crawler  
  200  15:19  Spine Crawler  
  196  15:58  Spore Crawler x2  
  196  15:59  Spore Crawler  
  196  16:00  Overlord  
  196  16:03  Overlord  
  196  16:04  Overlord  
  183  16:22  Viper  
  183  16:23  Viper x3  
  189  16:33  Overlord x2  
  189  16:34  Overseer  
  189  16:35  Overseer  
  189  16:37  Drone  
  189  16:38  Overlord  
  182  17:05  Viper x3  
  182  17:07  Hydralisk x5  
  185  17:37  Hydralisk x4, Evolution Chamber x2  
  185  17:38  Hydralisk x4  
  201  17:45  Evolution Chamber  
  201  17:46  Evolution Chamber  
  194  17:59  Hatchery  
  181  18:09  Hydralisk x9  
  199  18:41  Hatchery  
  198  18:57  Evolution Chamber  
  198  18:59  Evolution Chamber  
Tags
 
Add a new tag
Caveats
  • Supply blocks, unpowered buildings, or Contaminate may cause inaccurate times.
  • Supply counts are checked every 10 seconds.